 Dungeon Crawl Stone Soup version 0.31-a0-981-geadf994542 (webtiles) character file.

Game seed: 9459894876787003375

238851 Gargoyl the Peltast (level 19, -15/195 HPs)
             Began as a Gargoyle Berserker on Nov 1, 2023.
             Was an Elder of Trog.
             Killed from afar by an ironbound frostheart (18 damage)
             ... by creeping frost
             ... on level 3 of the Vaults.
             The game lasted 00:48:05 (28742 turns).

Gargoyl the Peltast (Gargoyle Berserker)           Turns: 28742, Time: 00:48:06

Health: -15/195    AC: 44    Str: 20    XL:     19   Next: 73%
Magic:  38/38      EV:  9    Int: 19    God:    Trog [****..]
Gold:   1753       SH: 18    Dex: 12    Spells: 18/18 levels left

rFire   + . .        k - +3 war axe "Deugh" {drain, Fragile rN+++ Will+++ Dex-2}
rCold   . . .        d - +3 kite shield {reflect}
rNeg    + + +        S - +3 plate armour {rF+}
rPois   ∞            G - +3 hat of Pondering {ponderous, Will+ MP+10 Int+5}
rElec   +            V - +1 cloak {Will+}
rCorr   .            q - +2 pair of gloves {hurl}
SInv    .            B - +0 pair of boots
Will    +++++        e - amulet of regeneration Stlth
                     p - ring of magical power
HPRegen 2.32/turn    (no ring)
MPRegen 0.26/turn

%: reflection
@: berserking, strong-willed (expiring), frozen, flying, regenerating
(expiring), quick
A: sickness immunity, AC +14, big wings, negative energy resistance 1,
electricity resistance, torment resistance 1, petrification resistance, clever 1
}: 1/15 runes: gossamer
a: Renounce Religion, Berserk, Trog's Hand, Brothers in Arms


You were on level 3 of the Vaults.
You worshipped Trog.
Trog was greatly pleased with you.
You visited 5 branches of the dungeon, and saw 29 of its levels.
You visited 1 bazaar.
You also visited: Volcano.

You collected 2626 gold pieces.
You spent 873 gold pieces at shops.

Inventory:

Hand Weapons
 k - the +3 war axe "Deugh" (weapon) {drain, Fragile rN+++ Will+++ Dex-2}
   (You found it on level 4 of the Dungeon)

   Dex-2:     It affects your dexterity (-2).
   rN+++:     It renders you almost immune to negative energy.
   Will+++:   It greatly increases your willpower.
   Fragile:   It will be destroyed if unequipped.
 m - a +7 broad axe of freezing
 x - the +10 spear of Defilement {flame, Int+2}
   (You found it on level 8 of the Dungeon)

   Int+2:     It affects your intelligence (+2).
 M - a +4 hand axe of electrocution
Missiles
 v - 24 poisoned darts (quivered)
 D - a throwing net
Armour
 d - a +3 kite shield of reflection (worn)
 q - a +2 pair of gloves of hurling (worn)
 B - a +0 pair of boots (worn)
 G - the +3 hat of Pondering (worn) {ponderous, Will+ MP+10 Int+5}
   (You took it off Gastronok on level 1 of the Lair of Beasts)

   Int+5:     It affects your intelligence (+5).
   Will+:     It increases your willpower.
   MP+10:     It affects your magic capacity (+10).
 S - a +3 plate armour of fire resistance (worn)
 V - a +1 cloak of willpower (worn)
Jewellery
 e - an amulet of regeneration (around neck)
 f - a ring of resist corrosion
 p - a ring of magical power (left hand)
 C - a ring of fire
 I - a ring of protection from fire
 P - an amulet of faith
 W - the ring of the Tortoise {AC+8}
   (You found it on level 2 of the Vaults)

   [ring of protection]

   AC+8:      It affects your AC (+8).
 X - an amulet of reflection
Wands
 a - a wand of iceblast (20)
 b - a wand of digging (2)
 j - a wand of charming (33)
 s - a wand of quicksilver (29)
 E - a wand of mindburst (25)
 N - a wand of flame (17)
 Q - a wand of polymorph (16)
Scrolls
 l - 4 scrolls of vulnerability
 u - a scroll of revelation
 y - 6 scrolls of teleportation
 H - a scroll of fear
 K - 8 scrolls of identify
 L - 2 scrolls of immolation
 O - 4 scrolls of butterflies
 T - 2 scrolls of torment
 U - 3 scrolls of fog
Potions
 c - 8 potions of curing
 g - 6 potions of berserk rage
 h - 6 potions of might
 i - 4 potions of resistance
 n - a potion of enlightenment
 o - 3 potions of lignification
 r - 13 potions of ambrosia
 t - 8 potions of mutation
 w - 3 potions of haste
 z - 8 potions of heal wounds
 A - 6 potions of magic
 F - a potion of invisibility
 J - 3 potions of attraction
 R - 2 potions of cancellation


   Skills:
 + Level 17.8 Fighting
 + Level 18.8 Axes
 + Level 1.0 Throwing
 + Level 14.1 Armour
 + Level 8.2 Dodging
 + Level 4.0 Stealth
 + Level 19.8 Shields
 + Level 0.7 Evocations


You had 18 spell levels left.
You didn't know any spells.
Your spell library was empty.

Dungeon Overview and Level Annotations

Branches:
Dungeon (15/15)            Temple (0/1) D:4            Lair (5/5) D:8
 Shoals (0/4) Lair:2       Spider (4/4) Lair:2        Slime (0/5) Lair:4
    Orc (2/2) D:10            Elf (0/3) Orc:2        Vaults (3/5) D:14
  Crypt (0/3) Vaults:2     Depths (0/4) D:15        Volcano (visited)

Altars:
Cheibriados
Elyvilon
Fedhas
Makhleb
Nemelex Xobeh
Qazlal
Ru
Sif Muna
Uskayaw
Xom
Zin
The Shining One
Jiyva

Shops:
D:1 =   D:4 [   D:8 *   D:11 (   Orc:2 [[*(


Innate Abilities, Weirdness & Mutations

You are immune to sickness and miasma.
Your stone body is resilient. (AC +14)
You are immune to poison.
Your large and strong wings let you fly.
You resist negative energy. (rN+)
You are resistant to electric shocks. (rElec)
You are resistant to unholy torment.
You are immune to petrification.
Your mind is acute. (Int +4, Str/Dex -1)


Message History

Trog accepts your kill.
Trog appreciates your killing of a magic user.
You hit the deep elf annihilator but do no damage.
You drain the deep elf annihilator.
You feel the effects of Trog's Hand fading.
The deep elf annihilator points at you and mumbles some strange words.
The bolt of lightning hits you. You resist.
* * * LOW HITPOINT WARNING * * *
The bolt of lightning misses you.
You hear a horrible gurgling sound!
You hear a screech!
You hear a shout!
You slice the deep elf annihilator!!
The deep elf annihilator is almost dead.
The ice encasing you melts away.
Unknown command.
You miss the deep elf annihilator.
The deep elf annihilator is almost dead.
The deep elf annihilator hits you but does no damage.
Unknown command.
You hit the deep elf annihilator but do no damage.
You drain the deep elf annihilator.
The deep elf annihilator is almost dead.
Unknown command.
You slash the deep elf annihilator!
You feel the power of Trog in you as your rage grows.
You kill the deep elf annihilator!
Trog accepts your kill.
Trog appreciates your killing of a magic user.
The ironbound convoker gestures at the ironbound frostheart while chanting.
The ironbound frostheart seems to grow stronger.
The ironbound frostheart calls freezing cold from the walls.
The frost grips you!!
* * * LOW HITPOINT WARNING * * *
You are encased in ice.
Unknown command.
You are too berserk!
You are too berserk!
The stone giant hits you but does no damage.
The ironbound frostheart calls freezing cold from the walls.
The frost grips you!!
You die...

#. .#. . .. .#.# .p.
##p## #.c.# #C8.#
#.C.# ###@#########
#...........#
#...........#
#...........########
#...[.......'.......
#...........#.......
#...........#.......
#...........#.......
#...........+.......


You could see a titan, a stone giant, a yaktaur captain, an ironbound frostheart
(strong) and an ironbound convoker.

Vanquished Creatures
  Bai Suzhen (Spider:3)
  Nikola (Vaults:3)
  Jorgrun (D:13)
  Gastronok (Lair:1)
  A tengu reaver (D:14)
  3 emperor scorpions
  4 ghost moths
  6 vault wardens
  An orc warlord (Orc:2)
  9 ironbound preservers
  3 formless jellyfish (Vaults:2)
  2 vampire knights
  A quicksilver ooze (Vaults:1)
  4 spark wasps
  A red draconian (Volcano)
  A deep elf annihilator (Vaults:3)
  6 dire elephants
  2 yaktaur captains
  A fire dragon (D:14)
  A quicksilver dragon zombie (D:15)
  Josephine (D:11)
  11 entropy weavers
  A rakshasa (D:14)
  2 ogre magi (D:15)
  8 vault guards
  2 great orbs of eyes
  A merfolk avatar (Lair:5)
  2 catoblepae
  10 centaur warriors
  A hydra (Lair:5)
  A sphinx zombie (D:15)
  4 radroaches
  2 jorogumos (Spider:4)
  5 ironbound frosthearts
  13 two-headed ogres
  8 boulder beetles
  A death scarab (Spider:4)
  2 orc high priests (Orc:2)
  11 demonic crawlers
  A vampire mage (D:15)
  Amaemon (Lair:1)
  5 skysharks (Lair:5)
  A salamander mystic (Volcano)
  3 skeletal warriors (D:15)
  A sun moth (Spider:3)
  29 deep trolls
  9 pharaoh ants
  3 glowing orange brains (Vaults:1)
  2 sea snakes (Lair:5)
  2 flayed ghosts
  3 phantasmal warriors
  3 harpies
  9 lindwurms
  An arcanist (Vaults:2)
  3 orb spiders
  11 steelbarb worms
  4 ironbound convokers
  14 wolf spiders
  A fire giant zombie (Vaults:1)
  2 deep elf pyromancers (D:13)
  2 necromancers
  10 ugly things
  6 orc knights
  5 cyclopes
  3 manticores
  An oklob plant (Lair:5)
  6 orc sorcerers
  3 moths of wrath (Spider:4)
  3 salamanders (Volcano)
  A stone giant zombie (Vaults:1)
  A human skeleton (Vaults:1)
  30 elephants
  11 torpor snails
  An orange demon (Lair:1)
  6 vault sentinels
  10 cane toads
  Maggie (Lair:2)
  2 unseen horrors (D:10)
  4 kobold demonologists
  3 rime drakes
  9 komodo dragons
  2 freezing wraiths
  9 yaktaurs
  4 merfolk (Lair:2)
  6 trolls
  9 meliai
  A queen bee (shapeshifter) (D:14)
  2 polar bears
  Grinder (D:5)
  5 blink frogs
  An ettin zombie (Vaults:1)
  29 tarantellas
  A snapping turtle (Lair:5)
  5 hornets
  24 jumping spiders
  14 culicivoras
  A culicivora (shapeshifter) (D:12)
  26 slime creatures
  Sigmund (D:5)
  A spriggan (shapeshifter) (D:13)
  2 shadows (D:10)
  5 wyverns
  72 yaks
  24 fire bats
  12 wraiths
  A water elemental (D:13)
  4 steam dragons
  49 redbacks
  2 basilisks
  A redback (shapeshifter) (Vaults:3)
  Menkaure (D:6)
  4 wargs
  4 vampire mosquitoes (D:12)
  An acid dragon (D:10)
  2 hell hounds (Orc:2)
  10 water moccasins
  18 orc warriors
  2 ice beasts (D:8)
  5 black bears
  7 ogres
  2 boggarts
  22 wolves
  9 centaurs
  A phantom (D:4)
  The ghost of Dado the Shooter, an amateur TeHu (D:3)
  3 kobold brigands
  9 bullfrogs
  A gnoll sergeant (D:7)
  7 scorpions
  5 wights (D:9)
  15 killer bees
  8 howler monkeys
  3 electric eels
  A crimson imp (D:5)
  5 lava snakes (Volcano)
  4 hounds
  A jelly (D:6)
  16 orc priests
  Crazy Yiuf (D:5)
  2 sleepcaps
  Jessica (D:3)
  2 gnoll boudas
  Ijyb (D:5)
  7 iguanas
  19 orc wizards
  11 gnolls
  7 adders
  A white imp (D:5)
  2 worms (D:3)
  7 dart slugs
  57 orcs
  6 ball pythons
  63 bats
  6 endoplasms
  4 giant cockroaches
  5 goblins
  6 hobgoblins
  2 jackals (D:2)
  5 quokkas
  A frilled lizard (D:3)
  11 kobolds
  5 rats
  A spectral weapon (Spider:3)
1076 creatures vanquished.

Vanquished Creatures (collateral kills)
  Saint Roka (Vaults:2)
  Arachne (Spider:2)
  A sphinx (D:14)
  A vault warden (Vaults:2)
  An ironbound preserver (Vaults:2)
  2 vault guards
  4 hydras
  2 ironbound frosthearts (Vaults:2)
  A death knight (Vaults:2)
  A death scarab (Spider:3)
  A demonic crawler (Spider:4)
  A pharaoh ant (Spider:4)
  A sun moth (Spider:4)
  A deep troll (Vaults:2)
  A sea snake (shapeshifter) (D:14)
  A harpy (Vaults:2)
  A steelbarb worm (Spider:3)
  2 vault sentinels (Vaults:2)
  A torpor snail (Spider:4)
  A yaktaur (Vaults:2)
  A queen bee (Spider:3)
  A tarantella (Spider:3)
  A jumping spider (Spider:3)
  A fire bat (Volcano)
  A redback (Spider:4)
  7 killer bees (Spider:3)
38 creatures vanquished.

Vanquished Creatures (others)
  A sun moth (Spider:4)
  A tengu conjurer (D:14)
  A jumping spider (Spider:2)
  2 redbacks (Spider:2)
  An orc warrior (Orc:2)
  An orc priest (Vaults:3)
  2 orcs (Orc:2)
9 creatures vanquished.

Grand Total: 1123 creatures vanquished

Notes
Turn   | Place    | Note
-------+----------+-------------------------------------------
     0 | D:1      | Gargoyl the Gargoyle Berserker began the quest for the Orb.
     0 | D:1      | Reached XP level 1. HP: 14/14 MP: 1/1
   151 | D:1      | Reached XP level 2. HP: 14/19 MP: 2/2
   193 | D:1      | Found Jefudun's Jewellery Emporium.
   665 | D:1      | Reached XP level 3. HP: 24/24 MP: 3/3
   820 | D:1      | Reached ** piety under Trog
  1175 | D:2      | Found a faded altar of an unknown god.
  1402 | D:2      | You fall into a shaft and drop 2 floors!
  1410 | D:4      | Noticed a black bear
  1415 | D:4      | Killed a black bear
  1416 | D:4      | Reached skill level 1 in Stealth
  1416 | D:4      | Reached XP level 4. HP: 29/29 MP: 4/4
  1416 | D:4      | Reached XP level 5. HP: 33/33 MP: 5/5
  1447 | D:4      | Identified the +3 war axe "Deugh" {drain, Fragile rN+++
                  | Will+++ Dex-2}
  1507 | D:4      | Found a staircase to the Ecumenical Temple.
  1509 | D:4      | Noticed a phantom
  1516 | D:4      | Killed a phantom
  1517 | D:4      | Reached XP level 6. HP: 39/39 MP: 6/6
  1609 | D:4      | Reached skill level 5 in Axes
  1727 | D:3      | Found a glowing golden altar of the Shining One.
  1775 | D:3      | Found a runed translucent door.
  1778 | D:3      | Noticed Dado's ghost (amateur TeHu)
  2069 | D:3      | Identified a scroll of acquirement
  2069 | D:3      | Acquired a +1 kite shield of reflection
  2147 | D:3      | Noticed Jessica
  2149 | D:3      | Noticed a +0 dagger
  2150 | D:3      | Killed Jessica
  2150 | D:3      | Noticed a +0 hand axe
  2152 | D:3      | Found a hide-covered altar of Uskayaw.
  2493 | D:3      | Found a sparkling altar of Nemelex Xobeh.
  2557 | D:3      | Killed Dado's ghost
  2558 | D:3      | Reached XP level 7. HP: 42/44 MP: 7/7
  2632 | D:4      | Found Bonupot's Antique Armour Shop.
  3041 | D:5      | Entered Level 5 of the Dungeon
  3128 | D:5      | Noticed Sigmund
  3135 | D:5      | Killed Sigmund
  3140 | D:5      | Noticed Ijyb
  3141 | D:5      | Reached skill level 1 in Shields
  3143 | D:5      | Reached *** piety under Trog
  3144 | D:5      | Reached skill level 5 in Fighting
  3144 | D:5      | Reached XP level 8. HP: 22/49 MP: 8/8
  3149 | D:5      | Killed Ijyb
  3263 | D:5      | Found a runed translucent door.
  3263 | D:5      | Noticed Crazy Yiuf
  3502 | D:5      | Noticed Grinder
  3517 | D:5      | Reached skill level 2 in Shields
  3535 | D:5      | Killed Grinder
  3606 | D:5      | Found a burning altar of Makhleb.
  3776 | D:5      | Identified the +0 robe of Inaction {+Inv rPois Str+2 Dex+2}
  3963 | D:5      | Killed Crazy Yiuf
  4095 | D:6      | Noticed Menkaure
  4101 | D:6      | Killed Menkaure
  4124 | D:6      | Reached skill level 3 in Shields
  4149 | D:6      | Reached XP level 9. HP: 54/54 MP: 9/9
  4771 | D:7      | Reached skill level 5 in Armour
  4828 | D:7      | Reached **** piety under Trog
  5303 | D:8      | Identified the +10 spear of Defilement {flame, Int+2}
  5335 | D:8      | Reached skill level 4 in Shields
  5422 | D:8      | Reached skill level 5 in Shields
  5423 | D:8      | Reached XP level 10. HP: 46/60 MP: 10/10
  5487 | D:8      | Found a staircase to the Lair.
  5491 | D:8      | Reached skill level 10 in Axes
  5736 | D:8      | Found Jumeuser's Gadget Gallery.
  6026 | Lair:1   | Entered Level 1 of the Lair of Beasts
  6230 | Lair:1   | Reached skill level 6 in Shields
  6385 | Lair:1   | Noticed an orange demon
  6386 | Lair:1   | Noticed Amaemon
  6396 | Lair:1   | Reached XP level 11. HP: 67/67 MP: 11/11
  6397 | Lair:1   | Killed Amaemon
  6399 | Lair:1   | Noticed Gastronok
  6410 | Lair:1   | Reached skill level 7 in Shields
  6436 | Lair:1   | Killed Gastronok
  6540 | Lair:1   | Reached ***** piety under Trog
  7071 | Lair:2   | Reached XP level 12. HP: 74/75 MP: 12/12
  7073 | Lair:2   | Reached skill level 8 in Shields
  7132 | Lair:2   | Noticed Maggie
  7150 | Lair:2   | Killed Maggie
  7184 | Lair:2   | Found a staircase to the Shoals.
  7207 | Lair:2   | Noticed a demonic crawler
  7209 | Lair:2   | Found a hole to the Spider Nest.
  7313 | Lair:2   | Killed a demonic crawler
  7330 | Lair:2   | Identified the blade talisman "Uhiyfefao" {rF+ Dex+4
                  | Stlth-}
  8228 | Lair:3   | Reached skill level 5 in Dodging
  8349 | Lair:3   | Noticed a catoblepas
  8363 | Lair:3   | Killed a catoblepas
  8392 | Lair:3   | Reached skill level 9 in Shields
  8539 | Lair:3   | Reached skill level 10 in Fighting
  8615 | Lair:3   | Reached XP level 13. HP: 52/82 MP: 13/13
  8991 | Lair:4   | Received a gift from Trog
  8993 | Lair:4   | Found a snail-covered altar of Cheibriados.
  9385 | Lair:4   | Found a staircase to the Slime Pits.
  9385 | Lair:4   | Found a viscous altar of Jiyva.
 10050 | Lair:5   | Entered Level 5 of the Lair of Beasts
 10155 | Lair:5   | Reached skill level 10 in Shields
 10302 | Lair:5   | Reached skill level 15 in Axes
 10361 | Lair:5   | Gained mutation: Your large and strong wings let you fly.
                  | [Gargoyle growth]
 10361 | Lair:5   | Reached XP level 14. HP: 87/90 MP: 14/14
 11128 | Lair:5   | Found a blossoming altar of Fedhas.
 11656 | D:9      | Reached skill level 11 in Shields
 11822 | D:9      | Found a sacrificial altar of Ru.
 12194 | D:10     | Entered Level 10 of the Dungeon
 12504 | D:10     | Found a runed translucent door.
 12519 | D:10     | Found a shimmering blue altar of Sif Muna.
 12539 | D:10     | Found a glowing golden altar of the Shining One.
 12575 | D:10     | Found a sacrificial altar of Ru.
 12631 | D:10     | Found a white marble altar of Elyvilon.
 12652 | D:10     | Found a shimmering altar of Xom.
 12759 | D:10     | Received a gift from Trog
 12775 | D:10     | Found a snail-covered altar of Cheibriados.
 12962 | D:10     | Found a staircase to the Orcish Mines.
 13400 | D:10     | Found a glowing silver altar of Zin.
 13400 | D:10     | Found a faded altar of an unknown god.
 13408 | D:10     | Found a shimmering blue altar of Sif Muna.
 13413 | D:10     | Found a faded altar of an unknown god.
 13415 | D:10     | Found a stormy altar of Qazlal.
 13588 | D:10     | Identified the +9 dagger "Hicweic" {flame, rPois rN+ rCorr
                  | Int-2}
 13591 | D:10     | Identified the staff "Mozxi" {Str+3 Earth}
 13902 | D:11     | Found the amulet of Elemental Vulnerability {rPois rF--
                  | rC-- AC+8}
 13965 | D:11     | Noticed Josephine
 13984 | D:11     | Killed Josephine
 14033 | D:11     | Found Buelen's Weapon Emporium.
 14188 | D:11     | Received a gift from Trog
 14561 | D:12     | Reached skill level 12 in Shields
 14703 | D:12     | Reached XP level 15. HP: 93/97 MP: 15/15
 14920 | D:12     | Reached skill level 10 in Armour
 15085 | D:13     | Noticed Jorgrun
 15100 | D:13     | Received a gift from Trog
 15105 | D:13     | Killed Jorgrun
 15418 | D:13     | Found a sparkling altar of Nemelex Xobeh.
 15798 | D:14     | Found a gate to the Vaults.
 16496 | D:14     | Reached skill level 1 in Throwing
 16496 | D:14     | Reached skill level 13 in Shields
 16595 | D:14     | Noticed a tengu reaver
 16599 | D:14     | Noticed a sphinx
 16606 | D:14     | Killed a tengu reaver
 16608 | D:14     | Killed a sphinx
 16852 | D:15     | Entered Level 15 of the Dungeon
 16988 | D:15     | Found a staircase to the Depths.
 17045 | D:15     | Reached XP level 16. HP: 53/105 MP: 16/16
 17189 | D:15     | Reached skill level 14 in Shields
 17928 | Orc:1    | Entered Level 1 of the Orcish Mines
 18178 | Orc:2    | Entered Level 2 of the Orcish Mines
 18300 | Orc:2    | Found a staircase to the Elven Halls.
 18400 | Orc:2    | Found a dark tunnel.
 18409 | Volcano  | Entered a volcano
 18726 | Volcano  | Found a bloodstained altar of Trog.
 19380 | Orc:2    | Found Sixedumo's Antique Weapon Boutique.
 19620 | Orc:1    | You are sucked into a shaft and drop 1 floor!
 19735 | Orc:2    | Found Tianask's General Store.
 19742 | Orc:2    | Bought a scroll of teleportation for 42 gold pieces
 19742 | Orc:2    | Found Ledgh's Antique Armour Emporium.
 19744 | Orc:2    | Found Dosihev's Antique Armour Boutique.
 19750 | Orc:2    | Bought a pair of glowing gloves for 187 gold pieces
 20071 | Spider:1 | Entered Level 1 of the Spider Nest
 20685 | Spider:1 | Reached skill level 15 in Shields
 21667 | Spider:2 | Identified the +0 ring mail of Ru's Envy {Will- Str+3}
 21738 | Spider:2 | Reached XP level 17. HP: 92/112 MP: 17/17
 21829 | Spider:2 | Reached skill level 15 in Fighting
 22665 | Spider:3 | Noticed Bai Suzhen
 22678 | Spider:3 | Reached skill level 16 in Shields
 22687 | Spider:3 | Killed Bai Suzhen
 22699 | Spider:3 | Noticed Arachne
 23218 | Spider:2 | Killed Arachne
 23572 | Spider:4 | Entered Level 4 of the Spider Nest
 23673 | Spider:4 | Reached skill level 17 in Shields
 23844 | Spider:4 | Reached XP level 18. HP: 50/120 MP: 1/18
 24166 | Spider:4 | Got a gossamer rune of Zot
 24167 | Spider:4 | Identified the +1 hat "Damnable Contraption" {Will+ Str+2
                  | Dex+2}
 24204 | Spider:4 | Gained mutation: Your mind is acute. (Int +4, Str/Dex -1)
                  | [mutagenic glow]
 25314 | Shoals:2 | Identified the "Coexkos"
 25314 | Vaults:1 | Entered Level 1 of the Vaults
 25418 | Vaults:1 | Reached skill level 18 in Shields
 26516 | Vaults:1 | Found a runed translucent door.
 27011 | Vaults:2 | Reached XP level 19. HP: 128/128 MP: 19/19
 27108 | Vaults:2 | Found a flickering gateway to a bazaar.
 27135 | Bazaar   | Entered a bazaar
 27135 | Bazaar   | Found Turaff's Antique Armour Shoppe.
 27135 | Bazaar   | Found Dihil's Antique Weapon Shoppe.
 27143 | Bazaar   | Bought a glowing cloak for 180 gold pieces
 27165 | Bazaar   | Found Pisis's Distillery.
 27173 | Bazaar   | Bought a potion of heal wounds for 80 gold pieces
 27173 | Bazaar   | Bought a potion of heal wounds for 80 gold pieces
 27173 | Bazaar   | Bought a potion of ambrosia for 128 gold pieces
 27173 | Bazaar   | Bought a potion of curing for 48 gold pieces
 27173 | Bazaar   | Bought a potion of mutation for 128 gold pieces
 27184 | Bazaar   | Found Mepe's General Store.
 27184 | Bazaar   | Found Hafod's Book Emporium.
 27221 | Vaults:2 | Identified the +7 arbalest "Mesodud" {heavy, Drain Int+6
                  | Dex+3}
 27400 | Vaults:2 | Reached skill level 19 in Shields
 27729 | Vaults:2 | Received a gift from Trog
 27845 | Vaults:2 | Found the ring of the Tortoise {AC+8}
 27852 | Vaults:2 | Identified the +7 quarterstaff "Votasmow" {spect, +Blink
                  | rPois Will+}
 28003 | Vaults:2 | Found a staircase to the Crypt.
 28372 | Vaults:3 | Noticed Saint Roka
 28389 | Vaults:2 | Killed Saint Roka
 28721 | Vaults:3 | Noticed Nikola
 28737 | Vaults:3 | Killed Nikola
 28741 | Vaults:3 | HP: 1/195 [ironbound frostheart/creeping frost (20)]
 28742 | Vaults:3 | Killed from afar by an ironbound frostheart

Illustrated notes

Levels and vault maps discovered:
D:1:      minmay_arrival_plants_in_alcoves, layout_basic, serial_shops, shop,
          serial_forest, infiniplex_forest_side_room,
          infiniplex_forest_clump_small, infiniplex_forest_straight_5,
          infiniplex_forest_straight_2, infiniplex_forest_join,
          infiniplex_forest_clump_tiny
D:2:      layout_basic, hellmonk_ecumenical_altar_heavens_door,
          kennysheep_generic_room_15
D:3:      layout_loops_ring, old_standard_altar, dancing_weapons_uskayaw,
          mainiacjoe_overflow_alcove_2, ebering_ghost_reflecting_pool,
          uniq_jessica
D:4:      layout_basic, minmay_temple_entry_glass, serial_shops,
          kennysheep_little_box
D:5:      layout_loops_corners, makhleb_grotto_becter, uniq_ijyb, uniq_sigmund,
          uniq_crazy_yiuf_cottage, uniq_grinder
D:6:      layout_rooms, dk_vineyard_2, nicolae_titane, uniq_menkaure
D:7:      layout_loops_ring
D:8:      layout_basic, david_lair_generic, amcnicky_mini_corridor_feature,
          nicolae_shop_gadgets
D:9:      layout_basic, hangedman_ru_absence
D:10:     due_megacathedral, layout_loops_corners,
          chequers_temple_overflow_minitemple
D:11:     layout_stronghold, serial_shops, shop, uniq_josephine
D:12:     layout_roguey
D:13:     layout_basic, nemelex_diamond_rough_becter, uniq_jorgrun
D:14:     minmay_sliced_demisemicircle, layout_irregular_city, erik_vaults_2
D:15:     gammafunk_depths_entry_grave, layout_irregular_city
Lair:1:   layout_cellular_growth, cheibrodos_lair_caveside_slide,
          serial_bayou_ford_a, chequers_serial_rivers_micro_b,
          beast_lair_carwin_5, grunt_megastairs_5, serial_bayou_shore_a,
          lemuel_fruit_tree, serial_bayou_shore_b, uniq_amaemon, uniq_gastronok
Lair:2:   layout_cave_pods, elwin_shoals_entry_stream,
          nicolae_spider_entry_non_spiders, infiniplex_staircase_pool_2,
          grunt_megastairs_2, uniq_maggie
Lair:3:   layout_regular_city
Lair:4:   layout_small_grid, slime_entry_1, kennysheep_snail_temple
Lair:5:   gammafunk_lair_ancient_temple, layout_layer_cave, tgw_fedhas
Spider:1: layout_chambers
Spider:2: layout_spider_delve
Spider:3: layout_spider_delve, special_room [special_room_bee], uniq_arachne,
          uniq_bai_suzhen
Spider:4: hellmonk_spider_rune_bug_friends
Orc:1:    layout_caves
Orc:2:    st_orc_elflike, layout_caves, gauntlet_entry_generic, enter_volcano_3
Vaults:1: vaults_dpeg_encased_lava, v_misc_27, hangedman_vaults_locks,
          nicolae_vaults_tetromino_L_1, nicolae_vaults_house_1,
          hangedman_vaults_restitches, nicolae_vaults_layer_cake_slice,
          nicolae_vaults_oozy_zoo, v_misc_31, v_rooms_3, v_alt_pattern_1,
          vaults_room_fours, layout_vaults_omnigrid
Vaults:2: grunt_vaults_hallway_long, nicolae_vaults_storage_closets_2,
          vaults_room_large_hall, nicolae_vaults_storage_room_statues,
          hangedman_vaults_cutoff, minmay_crypt_entry_simple_box,
          dpeg_vaults_monster_box, ontoclasm_vaults_fault,
          vaults_room_semicircle, nicolae_vaults_little_squares_4,
          layout_vaults_big_room, serial_shops, bzr_entry_gold
Vaults:3: hangedman_vaults_hard_town_square, nicolae_vaults_more_shelving_1,
          nicolae_vaults_weapon_check, nicolae_vaults_spaceships, v_pattern_1,
          nicolae_vaults_lightning_bolt, nicolae_vaults_variable_pillar_hall,
          nicolae_vaults_trapezoid_1, nicolae_vaults_shrinking_rooms_2,
          v_alt_pattern_3, nicolae_vaults_tangram_1,
          vaults_standard_mumra_enter_the_diamond, nicolae_vaults_trapezoid_1,
          grunt_vaults_hallway_short, layout_vaults_omnibox, serial_shops,
          nicolae_shop_trees, uniq_nikola, uniq_margery, uniq_saint_roka

Skill      XL: |  1  2  3  4  5  6  7  8  9 10 11 12 13 14 15 16 17 18 19 |
---------------+----------------------------------------------------------+-----
Axes           | 3 4 5 6 7 9 11 12 13 15 16 17 18 | 18.8
Fighting       | 4 5 6 7 8 10 11 12 13 14 16 17 | 17.8
Dodging        | 2 3 4 5 6 7 8 |  8.2
Stealth        | 1 2 3 4 |  4.0
Armour         | 3 4 5 6 7 8 9 10 11 12 13 14 | 14.1
Shields        | 1 3 5 6 7 9 10 12 13 15 17 18 19 | 19.8
Throwing       | 1 |  1.0
Evocations     | |  0.7

Action                     |  1- 3 |  4- 6 |  7- 9 | 10-12 | 13-15 | 16-18 | 19-21 || total
---------------------------+-------+-------+-------+-------+-------+-------+-------++-------
  Melee: Hand axe          |   102 |     5 |       |       |       |       |       ||   107
         Punch             |     3 |       |       |       |       |       |       ||     3
         War axe           |       |    73 |   215 |   455 |  1211 |  1779 |   433 ||  4166
  Throw: Dart              |       |       |       |       |     9 |     1 |       ||    10
 Invoke: Berserk           |     1 |     1 |     1 |     5 |    15 |    35 |     6 ||    64
         Trog's Hand       |       |     1 |     1 |     3 |     6 |    23 |     5 ||    39
         Brothers in Arms  |       |       |       |       |     5 |     9 |     4 ||    18
  Evoke: Wand              |       |       |       |       |     7 |       |       ||     7
    Use: Scroll            |     2 |     9 |     6 |    13 |    11 |     8 |       ||    49
         Potion            |       |       |       |     3 |     1 |     1 |       ||     5
   Stab: Sleeping          |     1 |     5 |       |       |       |       |       ||     6
         Distracted        |       |       |       |       |       |     1 |     4 ||     5
 Armour: Animal skin       |    45 |    46 |       |       |       |       |       ||    91
         Scale mail        |       |    11 |   158 |   378 |  1004 |   147 |       ||  1698
         Plate armour      |       |       |       |       |       |  1939 |   327 ||  2266
  Dodge: Dodged            |    69 |    53 |    83 |   210 |   503 |   697 |   106 ||  1721
  Block: Kite shield       |       |     4 |   111 |   267 |   924 |  1926 |   385 ||  3617
         Reflection        |       |       |     2 |       |    21 |    26 |     8 ||    57

Table legend: (Time is in decaauts)
 A = Elapsed time spent in this place.
 B = Non-inter-level travel time spent in this place.
 C = Inter-level travel time spent in this place.
 D = Time resting spent in this place.
 E = Time spent auto-exploring this place.
 F = Levels seen in this place.
 G = Mean time per level.
                   A        B        C        D        E       F      G
               +--------+--------+--------+--------+--------+-----+--------+
         Total |  30228 |  28325 |   1903 |   1013 |  19166 |  31 |  975.1 |
       Dungeon |  13087 |  12138 |    949 |    132 |   8851 |  15 |  872.5 |
          Lair |   6245 |   5684 |    561 |    184 |   4100 |   5 | 1249.0 |
   Spider Nest |   5290 |   5134 |    156 |    452 |   2853 |   4 | 1322.5 |
  Orcish Mines |   1702 |   1539 |    163 |     73 |   1020 |   2 |  851.0 |
        Vaults |   3443 |   3372 |     71 |     90 |   2134 |   3 | 1147.7 |
        Bazaar |     87 |     87 |      0 |      0 |     68 |   1 |   87.0 |
       Volcano |    372 |    372 |      0 |     81 |    137 |   1 |  372.0 |
               +--------+--------+--------+--------+--------+-----+--------+

Top non-repeatable levels by time:
    D:10: 1738 daAuts
Vaults:1: 1683 daAuts
Spider:2: 1636 daAuts
  Lair:5: 1468 daAuts
Vaults:2: 1445 daAuts
Spider:1: 1428 daAuts
Spider:4: 1418 daAuts
   Orc:2: 1406 daAuts
  Lair:2: 1366 daAuts
  Lair:1: 1311 daAuts
  Lair:4: 1260 daAuts
    D:14: 1259 daAuts
     D:1: 1030 daAuts
     D:5: 1012 daAuts
    D:15: 953 daAuts
